 Dungeon Crawl Stone Soup version 0.28.0-49-g6dfe1f597d (webtiles) character file.

Game seed: 2629992329855972741

517 CryoSword the Distorting Demonspawn (level 7, -9/57 HPs)
             Began as a Demonspawn Abyssal Knight on May 15, 2022.
             Was a Believer of Lugonu.
             Mangled by an ogre
             ... wielding a +0 giant club
              (30 damage)
             ... on level 5 of the Dungeon.
             The game lasted 00:07:48 (6194 turns).

CryoSword the Distorting Demonspawn (DsAK)          Turns: 6194, Time: 00:07:49

Health: -9/57      AC:  4    Str: 15    XL:     7   Next: 0%
Magic:  9/10       EV: 11    Int: 11    God:    Lugonu [**....]
Gold:   155        SH:  0    Dex: 14    Spells: 6/10 levels left

rFire   . . .      SeeInvis .   e - +1 whip (venom)
rCold   . . .      Faith    .   (no shield)
rNeg    . . .      Spirit   .   u - +1 leather armour {Will+}
rPois   .          Reflect  .   (helmet restricted)
rElec   .          Harm     .   (no cloak)
rCorr   +          Rampage  .   (no gloves)
Will    ++...                   (no boots)
Stlth   +.........              (no amulet)
HPRegen 0.19/turn               f - ring of resist corrosion
MPRegen 0.24/turn               j - ring of willpower

@: no status effects
A: antennae 1, magic regeneration, demonic magic 3, robust 1
a: Renounce Religion, Depart the Abyss, Bend Space


You were on level 5 of the Dungeon.
You worshipped Lugonu.
Lugonu was pleased with you.
You visited 1 branch of the dungeon, and saw 5 of its levels.
You visited the Abyss 1 time.

You collected 155 gold pieces.

Inventory:

Hand Weapons
 a - a +1 hand axe
 e - a +1 whip of venom (weapon)
   (You found it on level 3 of the Dungeon)
Missiles
 b - 2 poisoned darts (quivered)
Armour
 u - a +1 leather armour of willpower (worn)
   (You took it off an orc on level 3 of the Dungeon)
Magical Staves
 k - a staff of death
   (You found it on level 1 of the Dungeon)
Jewellery
 f - a ring of resist corrosion (left hand)
   (You found it on level 1 of the Dungeon)
 j - a ring of willpower (right hand)
   (You found it on level 1 of the Dungeon)
Scrolls
 c - 2 scrolls of enchant weapon {unknown}
 d - 4 scrolls of teleportation {@r4}
 o - a scroll of enchant armour {unknown}
 p - a scroll of immolation {unknown}
 r - a scroll of vulnerability {unknown}
Potions
 g - a potion of mutation {!q}
 h - a potion of degeneration {unknown}
 i - a potion of magic {unknown}
 l - 2 potions of attraction {!q}
 m - 2 potions of curing {unknown}
 n - 3 potions of haste {@q3}
 t - a potion of heal wounds {unknown}


   Skills:
 - Level 3.0 Fighting
 + Level 4.4 Axes
 - Level 1.7 Armour
 - Level 0.8 Dodging
 - Level 2.0 Spellcasting
 * Level 4.0 Necromancy
 + Level 5.1 Invocations


You had 6 spell levels left.
You knew the following spells:

 Your Spells              Type           Power      Damage    Failure   Level
a - Pain                  Necr           36%        1d5       7%          1
b - Vampiric Draining     Necr           9%         2d6       21%         3

Your spell library contained the following spells:

 Spells                   Type           Power      Damage    Failure   Level
 Animate Skeleton         Necr           18%        N/A       7%          1
 Beastly Appendage        Tmut           2%         N/A       34%         1
 Wereblood                Tmut           1%         N/A       47%         2
 Dazzling Flash           Conj/Hex       2%         N/A       71%         3
 Spider Form              Tmut/Pois      1%         N/A       71%         3
 Agony                    Necr           9%         N/A       88%         5
 Silence                  Hex/Air        0%         N/A       100%        5


Dungeon Overview and Level Annotations

Branches:
Dungeon (5/15)
 Temple: D:4-7

Altars:

Annotations:
D:3 1 runed translucent door, Crazy Yiuf


Innate Abilities, Weirdness & Mutations

You have a pair of small antennae on your head.
You regenerate magic rapidly.
Spells you cast and wands you use may paralyse nearby enemies.
You are robust. (+10% HP)


Message History

You climb upwards.
Level annotation: 1 runed translucent door, Crazy Yiuf
There is a stone staircase leading down here.
There is an open door here.
Items here: ))) [.
u - a +1 leather armour of willpower You start removing your armour.
You continue taking off your +0 ring mail. x4
You finish taking off your +0 ring mail.
You start putting on your armour.
You continue putting on your +1 leather armour of willpower. x5
You finish putting on your +1 leather armour of willpower.
You feel strong-willed.
You drop a +0 ring mail.
As you read the scroll of identify {@r1}, it crumbles to dust.
l - 2 potions of attraction This spell is dangerous to cast!
Memorise Vampiric Draining, consuming 3 spell levels and leaving 4?
You start memorising the spell.
You continue memorising. x3
You finish memorising.
Spell assigned to 'b'.
Okay, then.
Unknown command.
Okay, then.
Key pressed, stopping explore.
There is an open door here.
Crazy Yiuf shouts!
Crazy Yiuf yells, "Candle!"
There is an open door here.
There is a stone staircase leading down, spattered with blood here.
You climb downwards.
There is a stone staircase leading up here.
Done exploring.
Done exploring.
Done exploring.
There is an open door here.
There is a stone staircase leading down here.
You climb downwards.
You hear the hiss of flowing sand.
There is an entrance to an ossuary on this level.
Hurry and find it before the portal is buried!
There is a stone staircase leading up here.
Unknown command.
Unknown command.
You now have 155 gold pieces (gained 6).
An orc wizard comes into view. It is wielding a +0 dagger.
An orc wizard is nearby!
An orc wizard is nearby!
An orc priest and 2 orcs come into view.
An orc comes into view. It is wielding a +0 whip.
The orc shouts! x3
The orc moves out of view.
You hit the orc priest but do no damage.
The orc priest is poisoned.
The orc priest mumbles some strange prayers to Beogh against you.
Beogh smites you!
You closely miss the orc priest. The orc priest closely misses you.
You hit the orc priest.
The orc priest looks as sick as possible!
The orc priest hits you with a +0 short sword.
You hit the orc priest.
The orc priest looks as sick as possible!
You kill the orc priest!
Lugonu accepts your kill.
Your Invocations skill increases to level 5!
You closely miss the orc wizard.
The orc wizard hits you but does no damage.
You hit the orc wizard.
The orc wizard is poisoned.
The orc wizard hits you with a +0 dagger.
Aim: an orc wizard, wielding a +0 dagger and wearing a +0 robe (moderately wounded, very poisoned, chance to affect: 61%)
The orc wizard writhes in agony.
Malevolent energies surge around you.
The orc suddenly stops moving! x2
The orc wizard hits you with a +0 dagger.
You are too injured to fight recklessly!
You are too injured to fight recklessly!
You are too injured to fight recklessly!
You barely miss the orc wizard. The orc wizard casts a spell at you.
The magic dart hits you.
You closely miss the orc wizard.
The orc is no longer paralysed.
The orc wizard closely misses you.
You barely miss the orc wizard. The orc wizard closely misses you.
Aim: an orc wizard, wielding a +0 dagger and wearing a +0 robe (almost dead, very poisoned, chance to affect: 61%)
The orc wizard writhes in agony.
You kill the orc wizard!
Lugonu accepts your kill. Malevolent energies surge around you.
The orc suddenly stops moving!
The orc is no longer paralysed.
Training target 2.0 for Spellcasting reached!
Your Spellcasting skill increases to level 2!
You hit the orc.
The orc is poisoned.
You kill the orc!
Lugonu accepts your kill.
You hit the orc. The orc misses you.
You hit the orc but do no damage. The orc closely misses you.
You barely miss the orc.
The orc is no longer paralysed.
The orc hits you with a +0 falchion.
You hit the orc but do no damage.
The orc is poisoned.
The orc closely misses you.
Aim: an orc, wielding a +0 falchion and wearing a +0 chain mail (severely wounded, very poisoned, chance to affect: 76%)
The orc writhes in agony.
You kill the orc!
Lugonu accepts your kill. Malevolent energies surge around you.
The orc suddenly stops moving!
Items here: )))) [[ †.
The helpless orc fails to defend itself.
You hit the orc.
The orc is poisoned.
The helpless orc fails to defend itself.
You hit the orc.
The orc looks as sick as possible!
The helpless orc fails to defend itself.
You hit the orc.
You kill the orc!
Lugonu accepts your kill.
Things that are here:
a +0 hand axe; an orc corpse
Items here: )))) [[ †.
You start resting.
You hear the slow hiss of a very distant avalanche of sand.
You start resting.
You hear the slow hiss of a very distant avalanche of sand.
You start resting.
You hear the slow hiss of a very distant avalanche of sand.
Items here: )))) [[ †.
Things that are here:
a +0 hand axe; an orc corpse
Found 19 stones.
A jelly comes into view.
The jelly quivers.
You hit the jelly.
Your hands burn!
The jelly closely misses you.
You hit the jelly.
The jelly is poisoned.
The acid corrodes you!
Your hands burn!
The jelly hits you.
You are splashed with acid.
You resist.
You hit the jelly but do no damage.
The jelly looks as sick as possible!
Your hands burn!
The jelly barely misses you.
You hit the jelly.
The jelly looks as sick as possible!
Your hands burn!
The jelly barely misses you.
You hear the slow hiss of an avalanche of sand very nearby.
You kill the jelly!
Lugonu accepts your kill.
Your Necromancy skill increases to level 4!
You have reached level 7!
Your demonic ancestry asserts itself...
A pair of antennae grows on your head!
An ogre comes into view. It is wielding a +0 giant club.
The ogre shouts!
You are no longer corroded.
The ogre hits you with a +0 giant club!!
* * * LOW HITPOINT WARNING * * *
Aim: an ogre, wielding a +0 giant club (chance to affect: 61%)
The ogre writhes in agony.
Malevolent energies surge around you.
The ogre hits you with a +0 giant club!!
Ouch! That really hurt!
You die...

#..#........#.#.##
#.###.#######.#.#
##.#.## #.... ##.#
###+## #.# #.# #
#####.#.##
#.##..O.....###
#......@.......+
+.##.##.#...#### #
......# ##.#####
#.# #.# #.# #.# #
##.


You could see an ogre.

Vanquished Creatures
  A water moccasin skeleton (D:4)
  A howler monkey (D:4)
  A hound (D:4)
  A jelly (D:5)
  An orc priest (D:5)
  Jessica (D:3)
  An iguana (D:4)
  Ijyb (D:3)
  Terence (D:2)
  3 orc wizards
  A hound skeleton (D:4)
  A gnoll (D:1)
  4 adders
  An adder skeleton (D:4)
  A dart slug (D:4)
  12 orcs
  13 endoplasms
  5 giant cockroaches
  6 goblins
  6 hobgoblins
  4 jackals
  4 kobolds
  3 quokkas
  8 ball pythons
  2 bats
  4 rats
87 creatures vanquished.

Notes
Turn   | Place    | Note
-------+----------+-------------------------------------------
     0 | Abyss:1  | CryoSword the Demonspawn Abyssal Knight began the quest for
                  | the Orb.
     0 | Abyss:1  | Reached XP level 1. HP: 18/18 MP: 2/2
     5 | D:1      | Escaped the Abyss
   336 | D:1      | Gained mutation: You regenerate magic rapidly. [demonic
                  | ancestry]
   336 | D:1      | Reached XP level 2. HP: 24/24 MP: 4/4
   585 | D:1      | Reached skill level 3 in Invocations
  1127 | D:1      | Gained mutation: Spells you cast may paralyse adjacent
                  | enemies. [demonic ancestry]
  1127 | D:1      | Reached XP level 3. HP: 5/29 MP: 5/5
  1785 | D:2      | Found a faded altar of an unknown god.
  1978 | D:2      | Learned a level 1 spell: Pain
  2261 | D:2      | Noticed Terence
  2281 | D:2      | Killed Terence
  2282 | D:2      | Reached skill level 1 in Necromancy
  2282 | D:2      | Reached XP level 4. HP: 19/35 MP: 6/6
  2746 | D:3      | Reached ** piety under Lugonu
  2770 | D:3      | Noticed Jessica
  2779 | D:3      | Killed Jessica
  2809 | D:3      | Noticed Ijyb
  2820 | D:3      | Gained mutation: You are robust. (+10% HP) [potion of
                  | mutation]
  2826 | D:3      | Killed Ijyb
  2827 | D:3      | Reached skill level 4 in Invocations
  2827 | D:3      | Gained mutation: Spells you cast may paralyse nearby
                  | enemies. [demonic ancestry]
  2827 | D:3      | Reached XP level 5. HP: 9/45 MP: 6/8
  3901 | D:3      | Found a runed translucent door.
  3902 | D:3      | Noticed Crazy Yiuf
  4334 | D:4      | Reached skill level 1 in Spellcasting
  4684 | D:4      | Gained mutation: Spells you cast and wands you use may
                  | paralyse nearby enemies. [demonic ancestry]
  4684 | D:4      | Reached XP level 6. HP: 42/51 MP: 9/9
  5815 | D:3      | Learned a level 3 spell: Vampiric Draining
  5977 | D:5      | Entered Level 5 of the Dungeon
  5998 | D:5      | Reached skill level 5 in Invocations
  6184 | D:5      | Gained mutation: You have a pair of small antennae on your
                  | head. [demonic ancestry]
  6184 | D:5      | Reached XP level 7. HP: 47/57 MP: 10/10
  6194 | D:5      | Mangled by an ogre

Illustrated notes

Levels and vault maps discovered:
D:1:      minmay_arrival_stair_chambers, layout_loops_ring, minivault_25,
          minmay_tall_x
D:2:      layout_loops_ring, chequers_ecumenical_altar_simple,
          nicolae_concentric_dashed_squares_wild, kennysheep_boxes, uniq_terence
D:3:      layout_loops_corners, uniq_ijyb, uniq_crazy_yiuf_cottage, uniq_jessica
D:4:      layout_gridville
D:5:      layout_loops_corners, serial_shops, nicolae_diamond_shop,
          nicolae_ossuary_entry_catacombs, minmay_misc_feat_chi, uniq_menkaure

Skill      XL: |  1  2  3  4  5  6 |
---------------+-------------------+-----
Axes           | 2 3 4 |  4.4
Invocations    | 3 4 5 |  5.1
Necromancy     | 1 2 4 |  4.0
Spellcasting   | 1 2 |  2.0
Fighting       | |  3.0
Armour         | |  1.7
Dodging        | |  0.8

Action                   |  1- 3 |  4- 6 |  7- 9 || total
-------------------------+-------+-------+-------++-------
Melee: Hand axe          |   118 |    79 |       ||   197
       Punch             |     2 |     4 |       ||     6
       Whip              |       |   132 |       ||   132
Throw: Dart              |     2 |     2 |       ||     4
 Cast: Pain              |       |     4 |     1 ||     5
  Use: Scroll            |       |     3 |       ||     3
       Potion            |       |     1 |       ||     1
 Stab: Sleeping          |     1 |       |       ||     1
       Paralysed         |       |     3 |       ||     3
Armor: Leather armour    |    35 |     1 |       ||    36
       Scale mail        |       |    17 |       ||    17
       Ring mail         |       |    48 |       ||    48
Dodge: Dodged            |    66 |    96 |       ||   162
